[Event "Alef Super Stars Blitz 2023"]
[Site "Almamsha"]
[Date "2023.12.06"]
[Round "1.1"]
[White "Nihal Sarin"]
[Black "Salem, A.R. Saleh"]
[Result "1-0"]
[ECO "C84"]
[WhiteElo "2688"]
[BlackElo "2639"]
[Annotator "TA"]
[PlyCount "107"]
[EventDate "2023.11.27"]
[EventType "tourn"]
[EventCountry "UAE"]
[SourceTitle "playchess.com"]
[Source "ChessBase"]
[SourceQuality "1"]
[TimeControl "180+2"]

1. e4 {[%emt 0:00:01] Praggnanandhaa,Rameshbabu} e5 2. Nf3 Nc6 3. Bb5 a6 4. Ba4 Nf6 5. O-O Be7 6. d3 b5 7. Bb3 d6 8. Bd2 {[%emt 0:00:01] C84: Closed Ruy Lopez: Unusual White 6th moves.} O-O 9. h3 Rb8 10. Re1 {[%emt 0:00:07] The position is equal.} Re8 11. a3 h6 12. Nc3 Bf8 13. Nd5 Nxd5 14. Bxd5 Ne7 15. Bb3 c5 16. a4 {[%emt 0:00:08] [#]} Qc7 $146 ({Predecessor:} 16... Bb7 17. Nh4 Qc7 18. axb5 axb5 19. Qg4 Qc8 20. Qg3 c4 21. dxc4 bxc4 22. Ba4 Bc6 23. Bxh6 Rxb2 {1-0 Praggnanandhaa,R (2690)-Keymer,V (2690) Duesseldorf WR Masters 2023 (3)}) 17. axb5 axb5 18. c3 c4 19. Bc2 Ng6 20. d4 Bd7 21. Be3 Ra8 22. Qd2 Bc6 23. d5 Bd7 24. b4 cxb3 25. Bxb3 Rec8 26. Rxa8 Rxa8 27. Rc1 Be7 28. c4 bxc4 29. Bxc4 Qb7 {[%emt 0:00:09] Repels Bb5} 30. Bf1 Bd8 (30... f5 $11 31. exf5 Bxf5) 31. Qd1 Qb4 (31... f5 $11 {keeps the balance.}) 32. Nd2 $1 $16 {[%emt 0:00:05] Black is now going downhill.} Bg5 {[%emt 0:00:14] [#]} (32... Be7 $16 {was necessary.}) 33. Rb1 $1 $18 Qa4 (33... Qa5 $16) 34. Qxa4 Rxa4 35. Bxg5 hxg5 36. Nc4 Kf8 (36... Ra7 $142 37. Rb8+ Kh7 38. Nxd6 f6) 37. Rb7 ({Don't play} 37. Nxd6 $6 Ra7 38. Nc4 f6 39. Rb8+ Ke7 $18) 37... Be8 38. Nxd6 Ra8 {[%emt 0:00:01] Against Rb8} 39. g3 Ne7 40. Nxe8 Rxe8 {[%emt 0:00:02][%mdl 4096] Endgame KRB-KRN} 41. d6 {[%emt 0:00:01][%cal Of1b5] Strongly threatening Bb5!} Ng8 42. Bc4 Nh6 {[%emt 0:00:04] [#]} 43. Rd7 {[%emt 0:00:22] Wards off Rd8} Rc8 44. Bd5 {[%emt 0:00:02] Threatens to win with g4.} g6 45. Re7 (45. g4 $18 {[%cal Oh3h4] is more deadly. aiming for h4!} Ke8 46. Rb7) 45... Rd8 (45... Re8 $16) 46. Rxe5 f6 $2 (46... Kg7 47. Bb3 (47. Rxg5 f6 $15) 47... Rxd6 48. Rxg5 Rd4) 47. Re6 Ng8 48. f4 gxf4 49. gxf4 Kg7 50. Kf2 Rb8 51. Ke3 {[%emt 0:00:03] Intending d7 and mate.} Rd8 {[%emt 0:00:03] Against d7} 52. e5 fxe5 53. fxe5 {[%emt 0:00:01] White wants to mate with Be4.} Rf8 54. Be4 {[%emt 0:00:02] Weighted Error Value: White=0.11 (very precise) /Black=0.45} 1-0

[Event "Alef Super Stars Blitz 2023"]
[Site "Almamsha"]
[Date "2023.12.06"]
[Round "1.2"]
[White "Yu, Yangyi"]
[Black "Sjugirov, Sanan"]
[Result "1-0"]
[ECO "B30"]
[WhiteElo "2714"]
[BlackElo "2703"]
[Annotator "TA"]
[PlyCount "105"]
[EventDate "2023.11.27"]
[EventType "tourn"]
[EventCountry "UAE"]
[SourceTitle "playchess.com"]
[Source "ChessBase"]
[SourceQuality "1"]
[TimeControl "180+2"]

1. e4 c5 2. Nf3 Nc6 3. Nc3 e5 4. Bc4 d6 5. d3 Be7 6. O-O Nf6 7. Nd5 {[%emt 0:00:04] B30: Sicilian: 2...Nc6 3 Bb5, lines without ...g6.} O-O 8. a4 Be6 9. Nxf6+ {[%emt 0:00:04] White is slightly better.} Bxf6 {[%emt 0:00:01] [#]} 10. Bxe6 $146 ({Predecessor:} 10. c3 a6 11. Be3 Rc8 12. Bxe6 fxe6 13. b4 cxb4 14. cxb4 Nd4 15. Nxd4 exd4 16. Bd2 {1-0 Kwiatkowski,J (1770)-Knapp,Y (1675) SUI-ch U16 Biel 2022 (7)}) 10... fxe6 11. Be3 b6 12. h3 h6 13. c3 d5 14. Qc2 Qd6 15. Rad1 Rad8 16. Rfe1 Qd7 17. Nh2 Qe7 18. Nf3 Qf7 19. Qe2 Qg6 20. Bc1 Rd7 (20... d4 $142) 21. Nh2 (21. b4 $11) 21... Bh4 $15 22. Rf1 Rdf7 23. g3 h5 {[%emt 0:00:10] Prevents Qg4} 24. Kh1 Bg5 25. Bxg5 Qxg5 26. h4 Qg6 27. Kg2 Rf4 28. Kh1 R4f7 29. Kg2 $1 Rf6 30. Rde1 Qf7 31. Qd2 d4 32. Qe2 Qg6 33. Qd2 a6 ({Better is} 33... Kh7 $15) 34. Qe2 Qf7 35. Qd2 b5 36. axb5 axb5 37. Rc1 dxc3 (37... Na5 $5 38. Qc2 Nc6 $11) 38. bxc3 c4 (38... b4 $11) 39. dxc4 (39. Rb1 $14) 39... Na5 $1 $11 {[%emt 0:00:01] White must now prevent ...Nb3.} 40. Rb1 {[%emt 0:00:10] Prevents Nb3} Nxc4 (40... bxc4 41. Rb2 $14) 41. Qe2 Rd8 {[%emt 0:00:11] [#]} (41... Qe8 $11 {remains equal.}) 42. Nf3 $1 $36 {[%emt 0:00:12][%mdl 2048] White has strong initiative.} (42. Rxb5 Rd2 43. Qe1 (43. Qxc4 Rfxf2+ 44. Kg1 Rg2+ 45. Kh1 Rxh2+ 46. Kg1 Rdg2#) 43... Qa7 $17) 42... Qg6 $2 {[%emt 0:00:12] This costs Black the game.} (42... Rxf3 $16 43. Qxf3 Qxf3+ 44. Kxf3 Nd2+ 45. Ke2 Nxf1) 43. Rbd1 Rxd1 (43... Rdf8 {was called for.} 44. Ng5 Qe8) 44. Rxd1 $18 {[%emt 0:00:01] Strongly threatening Ng5.} Qg4 {[%emt 0:00:01] [#] Inhibits Ng5.} 45. Rd8+ Rf8 46. Rxf8+ Kxf8 {[%emt 0:00:01][%mdl 4096] Endgame KQN-KQN} 47. Qd3 Ke7 {[%emt 0:00:01] Against Qd8+} (47... Qg6 48. Nxe5 {[%mdl 64] Decoy} Nxe5 49. Qd6+ (49. Qxb5 $2 {loses.} Qxe4+ 50. Kg1 Qe1+ 51. Kg2 Qxc3 $19) 49... Ke8 50. Qxe5 Kf8 51. Qd6+ (51. Qxb5 Qxe4+ 52. Kf1 Qh1+ 53. Ke2 Qa1 $16) 51... Kg8 52. Qb8+ Kf7 53. Qc7+ (53. Qxb5 Qxe4+ 54. Kh2 Qf3 $16) 53... Kg8) 48. Ng5 Nb2 49. Qxb5 Nd1 50. Qb7+ {[%emt 0:00:03][%mdl 64] Skewer. White mates.} ({Weaker is} 50. Qxe5 Ne3+ 51. Kh2 (51. fxe3 Qe2+ 52. Kg1 Qe1+ 53. Kh2 Qf2+ 54. Kh3 Qf1+ 55. Kh2 Qf2+ 56. Kh3 Qf1+ 57. Kh2 Qf2+ $11) 51... Qxh4+ 52. Kg1 Qh2+ 53. Kxh2 Ng4+ 54. Kh3 Nxe5 $16) 50... Kd6 51. Qa6+ Ke7 52. Qa7+ Kd6 53. f3 {[%emt 0:00:09] Weighted Error Value: White=0.11 (very precise) /Black=0.34} 1-0

[Event "Alef Super Stars Blitz 2023"]
[Site "Almamsha"]
[Date "2023.12.06"]
[Round "2.1"]
[White "Salem, A.R. Saleh"]
[Black "Sjugirov, Sanan"]
[Result "1-0"]
[ECO "D38"]
[WhiteElo "2639"]
[BlackElo "2703"]
[Annotator "TA"]
[PlyCount "187"]
[EventDate "2023.11.27"]
[EventType "tourn"]
[EventCountry "UAE"]
[SourceTitle "playchess.com"]
[Source "ChessBase"]
[SourceQuality "1"]
[TimeControl "180+2"]

1. d4 Nf6 2. c4 e6 3. Nf3 d5 4. Nc3 Bb4 5. cxd5 exd5 6. Bg5 h6 7. Bh4 O-O {[%emt 0:00:01] D38: Queen's Gambit Declined: Ragozin Defence (4 Nf3 Bb4).} 8. e3 Bf5 9. Qb3 Bxc3+ {[%emt 0:00:16] The position is equal.} 10. bxc3 Nbd7 11. Be2 c5 12. O-O c4 13. Qa3 $5 {[%emt 0:00:10][%mdl 4] [#] An interesting side line.} b5 $146 ({Predecessor:} 13... Re8 14. Nd2 b5 15. Bf3 Qb6 16. Qb2 a5 17. a3 Rab8 18. Bg3 Rb7 19. Rfe1 Bd3 {1-0 Parligras,M (2595)-Bluebaum,M (2646) GER-ROM online blitz 2020 (2)}) 14. Ne5 Qb6 {[%emt 0:00:02] Inhibits Nc6.} 15. Nxd7 Nxd7 16. Bf3 Qc6 (16... g5 $5 17. Bg3 Nf6 $11) 17. Qa5 Nb6 18. Rfe1 Rfe8 19. a4 bxa4 20. Bd1 Qg6 21. Bg3 Be4 22. Bxa4 Nxa4 23. Rxa4 h5 24. h4 Reb8 25. Qc7 (25. Ra2 $5 ) 25... Rb3 26. Rc1 a6 27. Ra2 Kh7 28. Kh2 (28. f3 $5 Bf5 29. Ra5 $14) 28... Rb5 29. Rca1 (29. Qd7 $5 ) 29... Rb3 (29... Qe6 $11 {keeps the balance.}) 30. Rc1 (30. f3 $16 Bf5 31. Ra5) 30... Rb5 $11 31. Qd7 Rab8 32. Rca1 (32. Qd6 $5 R8b6 33. Qxg6+ Bxg6 34. Rca1 $11) 32... R8b6 33. Qc8 Bf5 34. Qd8 Be4 35. Qc8 Bf5 36. Qa8 Rb3 (36... Be4 $11) 37. Rxa6 ({Better is} 37. Qxd5 $16 {Ra5 would be deadly.} Rxc3 38. Ra5) 37... Rxc3 $2 (37... Be4 $14) 38. Rxb6 $18 Qxb6 39. Qxd5 $2 (39. Ra6 Qb5 40. Be5 (40. Ra5 Qb1 $11)) 39... Bg6 $2 (39... Qe6 40. Qc5 Qc8) 40. Ra8 {[%emt 0:00:02] Black is weak on the dark squares} Rc1 41. Qd8 $2 (41. Be5 $18) 41... Qxd8 $11 42. Rxd8 {[%emt 0:00:01][%mdl 4096] Endgame KRB-KRB} c3 {[%emt 0:00:01][%cal Bc4c3,Bc3c2][%mdl 32] White must now prevent ...c2.} 43. f3 $2 (43. Bf4 $11) 43... Bd3 $2 (43... c2 $19 {[%cal Oc1h1] And now ...Rh1+! would win.} 44. e4 (44. Rc8 $2 Rd1 $19) 44... Rh1+ {[%mdl 64] Decoy, Clearance, Promotion} 45. Kxh1 c1=Q+ 46. Kh2 Qd2) 44. e4 c2 {[%emt 0:00:01][%cal Oc1h1] ...Rh1+! is the strong threat.} 45. Bf4 Ra1 (45... Rf1 $1 $11) 46. Rc8 $14 Ra4 47. d5 (47. Be3 $5 ) 47... f5 48. d6 (48. Be3 $5 fxe4 49. d6 $14) 48... Bb5 {[%emt 0:00:07] Prevents d7} (48... Rd4 $11) 49. Rxc2 $16 {[%emt 0:00:04] Threatens to win with Rc5.} fxe4 50. fxe4 Rxe4 51. Rc5 $2 (51. Kg3 $1 $16) 51... Be8 $2 (51... Rxf4 $11 52. Rxh5+ (52. Rxb5 Rxh4+ 53. Kg3 Rd4 $11) 52... Kg6 53. Rg5+ (53. Rxb5 Rxh4+ 54. Kg3 Rd4 $11) 53... Kf6 54. Rxb5 Rxh4+ 55. Kg3 Rd4) 52. Kg3 $18 Rd4 53. Rc7 (53. Kf3 $142) 53... Rd3+ $16 54. Kf2 {[%emt 0:00:01] White is more active.} Rd5 $2 {[%emt 0:00:04][%mdl 8192] Dodges Rc5} (54... Kg6 $16 {is more resistant.}) 55. Ke3 Kg6 56. Re7 $2 (56. Ke4 $18 Rd1 57. Ke5) 56... Bc6 57. g3 {[%emt 0:00:03] aiming for Rc7.} Rd1 (57... Bb5 $16) 58. Rc7 $18 Bb5 59. Be5 (59. Ke4 $18) 59... Kf5 $16 60. Rc5 $2 (60. Bxg7 $16 {and life is bright. Strongly threatening Rc5+.} Rd3+ 61. Kf2) 60... Bd7 $4 (60... Re1+ $19 {avoids the disaster.} 61. Kd4 Re4+ {[%mdl 64] Deflection} 62. Kc3 Rxe5) 61. Bxg7+ $18 Kg6 (61... Ke6 {was worth a try.} 62. Rxh5 Kxd6) 62. Be5 Bf5 63. Bf4 $2 (63. Rc7 $18 {and White stays clearly on top.}) 63... Bg4 $2 (63... Kf6 $16 64. Kf3 Ke6 65. Re5+ Kf6) 64. Rg5+ Kf6 65. Ra5 $2 (65. Ke4 $18) 65... Ke6 (65... Bf5 $16 66. Rc5 Ke6 67. Re5+ Kf6) 66. Ra7 Kf6 67. Kf2 (67. Ra8 $18) 67... Ke6 68. Re7+ Kf6 (68... Kd5 $16) 69. Re8 (69. Be5+ $1 $18 Kf5 70. Ke3) 69... Kf7 $16 70. Ra8 Kf6 (70... Rd3 $16 71. Ra5 Ke6) 71. Ra2 (71. Ke3 $1 $18) 71... Ke6 72. Ke3 Kf6 (72... Bf5 $142 73. Ra7 Kf6) 73. Ra5 Ke6 $1 74. Re5+ Kf6 (74... Kxd6 $142 75. Rxh5+ Ke6 76. Re5+ Kf6) 75. Rb5 (75. Rg5 $18) 75... Ke6 {[%emt 0:00:01] [#]} (75... Bf5 $16 76. Ra5 Ke6) 76. Ra5 ({White should play} 76. Ke4 $1 $18) 76... Kf6 $2 (76... Bf5 $16 {keeps fighting.} 77. Re5+ Kf6) 77. Be5+ $2 (77. Ke4 $18 {is more deadly.}) 77... Ke6 78. Kf4 Rf1+ (78... Re1 $16 {was called for.}) 79. Kg5 (79. Ke4 $18) 79... Rf5+ 80. Kg6 Rf8 $2 {[%emt 0:00:11] [#]} (80... Rxe5 $2 81. d7 Rxa5 82. d8=Q $16 (82. d8=B {gets mated.} Ra8 83. Bf6 Bf5+ 84. Kg5 Ra4 85. Bd8 Rg4+ 86. Kxh5 Rg6 87. g4 Be4 88. Bb6 Kf7 89. Bd8 Bf3 90. Bg5 Be2 91. Bh6 Bxg4#)) (80... Bf3 $16) 81. Bf4 $1 $18 Rg8+ 82. Kh7 Rd8 $2 (82... Re8 {is a better defense.} 83. Ra7 Bf5+ 84. Kg7 Bg4) 83. Kg7 Rd7+ 84. Kg6 Rd8 85. Re5+ Kd7 86. Rxh5 $2 (86. Re7+ $18 Kc6 87. Rc7+ Kd5 88. Ra7) 86... Rg8+ $2 (86... Bxh5+ $11 87. Kxh5 Rg8) 87. Kf7 Be6+ 88. Kf6 {[%emt 0:00:00] White wants to mate with Rh7+.} Rf8+ 89. Ke5 Bg8 90. Rg5 Re8+ 91. Kd4 Be6 92. Rg7+ Kc6 93. Rc7+ Kb6 94. Re7 {[%emt 0:00:01] Weighted Error Value: White=0.57/Black=0.46} 1-0

[Event "Alef Super Stars Blitz 2023"]
[Site "Almamsha"]
[Date "2023.12.06"]
[Round "2.2"]
[White "Nihal Sarin"]
[Black "Yu, Yangyi"]
[Result "1/2-1/2"]
[ECO "A13"]
[WhiteElo "2688"]
[BlackElo "2714"]
[Annotator "TA"]
[PlyCount "78"]
[EventDate "2023.11.27"]
[EventType "tourn"]
[EventCountry "UAE"]
[SourceTitle "playchess.com"]
[Source "ChessBase"]
[SourceQuality "1"]
[TimeControl "180+2"]

1. Nf3 d5 2. e3 Nf6 3. c4 e6 4. Nc3 Be7 5. b3 O-O 6. Bb2 b6 7. Rc1 {[%emt 0:00:07] [#] A13: English Opening: 1...e6.} a5 $146 ({Predecessor:} 7... Bb7 8. cxd5 Nxd5 9. Nxd5 Bxd5 10. Bc4 Bb7 11. O-O c5 12. d4 Nc6 13. Qe2 cxd4 14. Nxd4 Nxd4 15. Bxd4 {1-0 Nihal,S (2620)-Tang,A (2538) Chess.com U20 Speed blitz 2020 (1.21)}) 8. d4 Bb7 9. Bd3 {[%emt 0:00:03] White is slightly better.} c5 10. O-O Nbd7 11. cxd5 {[%emt 0:00:35] White is more active.} Nxd5 12. Nxd5 Bxd5 13. Bc4 Bxc4 14. bxc4 cxd4 15. exd4 a4 16. Qe2 h6 17. Rfd1 Re8 18. g3 Qc7 19. Qd3 a3 20. Bc3 Rac8 21. Bd2 Red8 22. Be3 Nf6 23. Qb3 Ng4 24. Bf4 Qa7 25. h3 Nf6 26. Ne5 Nd7 27. Nxd7 Rxd7 28. d5 exd5 29. cxd5 Rxc1 30. Bxc1 Bc5 31. Be3 Qa5 32. Bxc5 Qxc5 $11 {[%emt 0:00:01][%mdl 4096] Endgame KQR-KQR. The position is equal.} 33. Kg2 Rd6 34. Rd2 Rd8 35. h4 b5 36. Rd3 b4 37. Kf1 Qc1+ 38. Kg2 Qc5 39. Kf1 Qc1+ {[%emt 0:00:03] Weighted Error Value: White=0.10 (very precise) /Black=0.09 (flawless)} 1/2-1/2

[Event "Alef Super Stars Blitz 2023"]
[Site "Almamsha"]
[Date "2023.12.06"]
[Round "3.1"]
[White "Yu, Yangyi"]
[Black "Salem, A.R. Saleh"]
[Result "1-0"]
[ECO "C84"]
[WhiteElo "2714"]
[BlackElo "2639"]
[Annotator "TA"]
[PlyCount "83"]
[EventDate "2023.11.27"]
[EventType "tourn"]
[EventCountry "UAE"]
[SourceTitle "playchess.com"]
[Source "ChessBase"]
[SourceQuality "1"]
[TimeControl "180+2"]

1. e4 e5 2. Nf3 Nc6 3. Bb5 a6 4. Ba4 Nf6 5. O-O Be7 6. d3 b5 7. Bb3 d6 8. a4 Bd7 {[%emt 0:00:01] The main line 8...Bd7 scores better than 8...b4.} 9. Be3 {[%emt 0:00:05] C84: Closed Ruy Lopez: Unusual White 6th moves.} O-O 10. axb5 {[%emt 0:00:06] 10.h3 is vanishing.} axb5 11. Nc3 {[%emt 0:00:02] The position is equal.} Na5 12. Nd5 Nxd5 13. Bxd5 c6 14. Ba2 c5 15. c3 Nc6 16. Bd5 Rxa1 17. Qxa1 {[%emt 0:00:01] [#]} Bf6 $146 ({Predecessor:} 17... Qa8 18. Ng5 Bxg5 19. Bxg5 Qc8 20. Qa2 h6 21. Be3 Be6 22. f4 exf4 23. Bxf4 Qd7 24. Ra1 Rd8 25. Bxc6 Qxc6 26. Qa6 Qxa6 27. Rxa6 d5 28. Rd6 Rxd6 29. Bxd6 {½-½ Shirov,A (2704)-Nihal,S (2662) Wch Rapid Warsaw 2021 (1)}) 18. Qa6 Qc8 19. Ra1 Qc7 20. h3 h6 21. Nh2 Rb8 22. Ng4 Be7 23. Qa2 Be8 24. f4 h5 25. Nh2 Bf6 26. Nf3 Ne7 27. fxe5 dxe5 28. Qa7 Nxd5 29. exd5 Qd8 30. Nd2 {[%emt 0:00:10] White is much more active.} (30. Qxc5 Rc8 31. Qb4 Qxd5 $15) 30... Rc8 {[%emt 0:00:06] [#]} 31. c4 (31. Bxc5 Qxd5 32. Ne4 Bd8 $17) 31... bxc4 32. dxc4 Rb8 (32... e4 $1 $14) 33. Ne4 $36 {[%emt 0:00:03][%mdl 2048] White is in control.} (33. Qxc5 Be7 34. Qa5 Qxa5 35. Rxa5 Bb4 $16) (33. Bxc5 Rxb2 34. Ne4 Bg5 $16) 33... Rxb2 34. Qxc5 {[%emt 0:00:10] Nxf6+ would be deadly.} Be7 {[%emt 0:00:03][%mdl 8192] Black cannot hold the game after this.} (34... Bd7 $16) 35. d6 Bf8 36. Qxe5 {[%emt 0:00:11] Black is weak on the dark squares} (36. Qd5 $142) 36... Rc2 $2 (36... Re2 {is more resistant.}) 37. Qd5 {[%emt 0:00:07] Strongly threatening Ra8.} (37. Qxh5 Bc6 38. Rf1 Bxe4 39. Qxf7+ (39. Rxf7 $2 Rxg2+ 40. Kf1 Qxd6 $19) 39... Kh7 40. Qh5+ (40. Qxf8 Rxg2+ 41. Kh1 Rg3+ {[%mdl 64] Discovered Attack} 42. Kh2 Qh4) 40... Kg8 $16) 37... Qb8 38. Rf1 (38. Qxh5 Qb2 39. Ra8 Rxg2+ 40. Kf1 Rh2 $15) (38. Ra8 $142 Qb2 39. Nf6+ {[%mdl 64] Promotion} (39. Rxe8 $2 {gets mated.} Rxg2+ 40. Kh1 Rh2+ 41. Kg1 Qg2#) 39... gxf6 40. Rxe8) 38... Qc8 39. Nc5 $2 ({Weaker is} 39. Qxh5 Qe6 40. Rf4 f6 $16) (39. Qg5 {White wants to mate with Nf6+.} Rxg2+ 40. Qxg2) 39... Re2 $2 (39... Bxd6 40. Qxd6 Qc6) 40. d7 {[%emt 0:00:03][%mdl 64] [#] Deflection} (40. Qxh5 $2 Rxe3 41. Qd5 Re2 $19) 40... Bxd7 41. Qxf7+ ({Inferior is} 41. Qxd7 Qxd7 42. Nxd7 Rxe3 $11) 41... Kh7 42. Qxh5+ {[%emt 0:00:02] Weighted Error Value: White=0.41/Black=0.61} (42. Nxd7 $142 Be7 43. Bd4 Rxg2+ {[%mdl 64] Decoy} 44. Kxg2 Qc6+ 45. Kh2 Bd6+ 46. Kg1 Be5 47. Nxe5) 1-0

[Event "Alef Super Stars Blitz 2023"]
[Site "Almamsha"]
[Date "2023.12.06"]
[Round "3.2"]
[White "Sjugirov, Sanan"]
[Black "Nihal Sarin"]
[Result "1-0"]
[ECO "B08"]
[WhiteElo "2703"]
[BlackElo "2688"]
[Annotator "TA"]
[PlyCount "79"]
[EventDate "2023.11.27"]
[EventType "tourn"]
[EventCountry "UAE"]
[SourceTitle "playchess.com"]
[Source "ChessBase"]
[SourceQuality "1"]
[TimeControl "180+2"]

1. e4 g6 2. d4 Bg7 3. Nc3 d6 4. Be3 Nc6 5. h3 Nf6 6. Nf3 O-O 7. Qd2 a6 {[%emt 0:00:01] B08: Pirc Defence: Classical System.} 8. Bh6 e5 (8... b5 $11 {keeps the balance.}) 9. Bxg7 $16 Kxg7 {[%emt 0:00:01] [#] White is better.} 10. Be2 $5 {[%emt 0:00:28][%mdl 4] A promising side line.} ({White should try} 10. O-O-O $1 $16) 10... b5 $11 11. a3 (11. O-O-O {is more complex.} b4 12. dxe5 Nxe5 13. Nd5) 11... Bb7 {[%emt 0:00:02] [#]} (11... exd4 $11 12. Nxd4 Nxd4 13. Qxd4 c5) 12. O-O $146 (12. d5 $14 Nb8 13. O-O-O) ({Predecessor:} 12. O-O-O Qe7 13. d5 Nb8 14. Nh2 Nbd7 15. Ng4 Ng8 16. Ne3 Nc5 17. g4 Rab8 18. h4 {1-0 Cordovil,J (2285)-Cary,F (2230) POR-ch 46th Portugal 1990 (4)}) 12... exd4 13. Nxd4 Nxd4 14. Qxd4 c5 15. Qd3 Re8 16. Bf3 {[%emt 0:00:04][%cal Oe4e5] aiming for e5!} Re6 {[%emt 0:00:02][%mdl 8192] [#] This move loses the game for Black.} (16... Qb6 $11 {and Black has nothing to worry.}) 17. e5 $1 $18 {[%emt 0:00:09][%mdl 576] Discovered Attack} Bxf3 (17... dxe5 18. Bxb7) 18. exf6+ Rxf6 19. gxf3 Rf5 20. Ne4 {[%emt 0:00:10] Inhibits Qg5+.} d5 21. Ng3 (21. Nxc5 $6 Qg5+ 22. Kh1 Qh4 $18) 21... Rf4 22. Qc3+ Kg8 23. Rad1 (23. Qxc5 Rc8 24. Qe3 Qf6 $18) 23... d4 24. Qxc5 Rc8 25. Qe5 Qh4 26. Rd2 {[%emt 0:00:48] White is clearly winning.} Rxf3 27. Kg2 (27. Qxd4 Qxd4 28. Rxd4 Rxc2 $18) ({But not} 27. Rxd4 Qf6 28. Qxf6 Rxf6 $18) 27... Rf4 28. Re1 {[%emt 0:00:03] Black must now prevent Re4.} Qf6 29. Qxf6 Rxf6 30. Ne2 ({Less strong is} 30. Rxd4 Rxc2 31. Re2 Rfc6 32. Re8+ Kg7 $18) 30... Rc5 31. Nxd4 Rg5+ 32. Kh2 Kg7 33. Re3 h5 34. c3 Rd5 35. Rde2 a5 36. b4 axb4 37. axb4 Rg5 38. f3 h4 39. Re5 Rg3 40. Rg2 {[%emt 0:00:02] Weighted Error Value: White=0.14 (very precise) /Black=0.43} ({Weaker is} 40. Nxb5 Rfxf3 41. Rg2 Rxh3+ 42. Kg1 Kf8 $18) 1-0

[Event "Alef Super Stars Blitz 2023"]
[Site "Almamsha"]
[Date "2023.12.06"]
[Round "4.1"]
[White "Salem, A.R. Saleh"]
[Black "Nihal Sarin"]
[Result "0-1"]
[ECO "D11"]
[WhiteElo "2639"]
[BlackElo "2688"]
[Annotator "TA"]
[PlyCount "106"]
[EventDate "2023.11.27"]
[EventType "tourn"]
[EventCountry "UAE"]
[SourceTitle "playchess.com"]
[Source "ChessBase"]
[SourceQuality "1"]
[TimeControl "180+2"]

1. d4 d5 2. c4 c6 3. Nf3 Nf6 4. e3 Bg4 5. Qb3 Qb6 6. Ne5 Bf5 {[%emt 0:00:09] D11: Slav Defence: 3 Nf3 sidelines and 3...Nf6 4 e3 Bg4.} 7. cxd5 Qxb3 8. axb3 {[%emt 0:00:01] Threatening dxc6.} Nxd5 {[%emt 0:00:01] The position is equal.} 9. Bd3 Bxd3 10. Nxd3 e6 11. Bd2 Na6 12. Ke2 Nab4 13. Nxb4 Bxb4 {[%emt 0:00:10] [#]} 14. Nc3 $146 {[%emt 0:00:14] aiming for Nxd5.} ({Predecessor:} 14. Bxb4 Nxb4 15. Nd2 a6 16. h4 f6 17. h5 Kf7 18. Ne4 Rhd8 19. Nd2 Rh8 20. Ne4 {½-½ Narciso Dublan,M (2521)-Balogh,C (2632) Barcelona Casino 18th 2013 (3)}) 14... Be7 15. e4 Nf6 16. f3 a6 17. Be3 O-O 18. g4 Rfd8 19. g5 Nh5 20. f4 g6 (20... f5 $5 ) 21. Kf3 f5 22. gxf6 Nxf6 23. Ne2 Kf7 24. Rhd1 Rac8 25. Rdc1 Rd7 26. Rc4 Rcd8 27. b4 (27. Nc1 $11 {might be stronger.}) 27... Ne8 $1 $17 28. Rh1 Nd6 29. Rc2 Nb5 30. Rc4 Bf6 31. e5 Be7 32. h4 {[%emt 0:00:02] [#]} h5 $1 33. Bf2 Nc7 {[%emt 0:00:05] Black is more active.} 34. Nc1 Rd5 35. Nd3 Ne8 ({Of course not} 35... Nb5 $6 36. Ke4 $11) 36. f5 gxf5 $19 ({Weaker is} 36... exf5 37. Nf4 $11) 37. Nf4 Rb5 38. Nxh5 Bxb4 ({Worse is} 38... Rxb4 39. Rxb4 Bxb4 40. Be3 $17) 39. Rg1 Be7 40. Rc2 Rb3+ 41. Ke2 {[%emt 0:00:03] [#]} Rh3 $2 (41... Bf8 $1 $19 {Hoping for ...Bh6.} 42. Rg3 Rxg3 43. Nxg3 Nc7) 42. Nf4 $11 Rh2 43. Rg2 $2 (43. Ng6 $1 $11) 43... Rh1 $2 ({Black should try} 43... Rxg2 $19 44. Nxg2 Nc7) 44. h5 (44. d5 $11 cxd5 45. Ng6) 44... Nc7 $36 {[%emt 0:00:01][%mdl 2048] ...Nd5 would be deadly. Black has the initiative.} 45. Kf3 $2 {[%emt 0:00:03][%mdl 8192] This move loses the game for White.} (45. Rc3 $1 $15) 45... Nd5 $19 46. Nxd5 Rxd5 47. Be3 Rxh5 48. Rg3 (48. Rh2 $142 Rxh2 49. Rxh2) 48... Rb5 49. Rcg2 (49. Kg2 $142) 49... Bf8 50. Rg6 $2 (50. Rc2) 50... Rh3+ {[%emt 0:00:01] Black is clearly winning.} 51. Ke2 Rxb2+ 52. Bd2 Bh6 53. Rf6+ Ke7 {[%emt 0:00:01] Weighted Error Value: White=0.58/Black=0.20 (precise)} 0-1